 Dungeon Crawl Stone Soup version 0.28-a0-704-g4d584c6bc1 (webtiles) character file.

Game seed: 11038599478481621521

135 vnlsnvl the Vexing (level 4, -5/15 (21) HPs)
             Began as a Spriggan Enchanter on Oct 24, 2021.
             Slain by a necrophage (7 damage)
             ... on level 4 of the Dungeon.
             The game lasted 00:07:16 (4111 turns).

vnlsnvl the Vexing (Spriggan Enchanter)             Turns: 4111, Time: 00:07:16

HP:   -5/15 (21)    AC:  3    Str:  5    XL:     4   Next: 96%
MP:   11/11         EV: 18    Int: 16    God:
Gold: 167           SH:  0    Dex: 21    Spells: 4/12 levels left

rFire   + . .      SeeInvis +   a - +1 dagger
rCold   + . .      Faith    .   (shield restricted)
rNeg    . . .      Spirit   .   b - +1 robe
rPois   +          Reflect  .   (helmet restricted)
rElec   +          Harm     .   (no cloak)
rCorr   +          Rampage  .   (gloves unavailable)
Will    .....                   (boots unavailable)
Stlth   +++.......              (no amulet)
HPRegen 0.05/turn               g - +6 ring of dexterity
MPRegen 0.12/turn               (no ring)

@: resistant, very heavily drained, very quick
A: very small, no large weapons, unfitting armour, see invisible, speed 3
a: no special abilities


You were on level 4 of the Dungeon.
You visited 1 branch of the dungeon, and saw 4 of its levels.

You collected 167 gold pieces.

Inventory:

Hand Weapons
 a - a +1 dagger (weapon)
Armour
 b - a +1 robe (worn)
Jewellery
 f - a ring of ice
 g - a +6 ring of dexterity (left hand)
Potions
 c - a potion of invisibility
 d - a potion of curing


   Skills:
 - Level 1.1 Short Blades
 - Level 2.6 Dodging
 - Level 4.4 Stealth
 + Level 4.9 Spellcasting
 + Level 5.5 Hexes


You had 4 spell levels left.
You knew the following spells:

 Your Spells              Type           Power      Damage    Failure   Level
a - Ensorcelled Hibernat  Hex/Ice        24%        N/A       8%          2
b - Tukima's Dance        Hex            21%        N/A       4%          3
c - Dazzling Flash        Conj/Hex       24%        N/A       16%         3

Your spell library contained the following spells:

 Spells                   Type           Power      Damage    Failure   Level
 Confusing Touch          Hex            21%        N/A       4%          3
 Magic Dart               Conj           12%        1d3       16%         1
 Portal Projectile        Hex/Tloc       24%        N/A       16%         3
 Call Imp                 Summ           3%         N/A       24%         2
 Call Canine Familiar     Summ           3%         N/A       43%         3
 Mephitic Cloud           Conj/Pois/Air  3%         N/A       43%         3
 Leda's Liquefaction      Hex/Erth       6%         N/A       45%         4
 Dispersal                Tloc           1%         N/A       100%        6
 Disjunction              Tloc           1%         N/A       100%        8


Dungeon Overview and Level Annotations

Branches:
Dungeon (4/15)
 Temple: D:4-7

Altars:
Uskayaw

Shops:
D:2 =


Innate Abilities, Weirdness & Mutations

You are very small and have problems with some larger weapons.
You are too small for most types of armour.
You have supernaturally acute eyesight. (SInv)
You cover ground extremely quickly. (Speed+++)


Message History

The necrophage hits you.
You feel drained.
You barely miss the necrophage.
The necrophage is severely damaged.
The necrophage misses you.
You hit the necrophage.
The necrophage is severely damaged.
The necrophage misses you.
You barely miss the necrophage.
The necrophage is severely damaged.
The necrophage hits you!
You feel drained.
You hit the necrophage but do no damage.
The necrophage is severely damaged.
The necrophage hits you but does no damage.
You barely miss the necrophage.
The necrophage is severely damaged.
The necrophage misses you.
You hit the necrophage.
The necrophage is almost destroyed.
The necrophage closely misses you.
You barely miss the necrophage.
The necrophage is almost destroyed.
The necrophage hits you.
You feel drained.
You hit the necrophage but do no damage.
The necrophage is almost destroyed.
The necrophage barely misses you.
You hit the necrophage.
The necrophage is almost destroyed.
The necrophage hits you.
You feel drained.
* * * LOW HITPOINT WARNING * * *
You hit the necrophage.
The necrophage is almost destroyed.
The necrophage hits you.
* * * LOW HITPOINT WARNING * * *
You hit the necrophage but do no damage.
The necrophage is almost destroyed.
The necrophage barely misses you.
You closely miss the necrophage.
The necrophage is almost destroyed.
The necrophage hits you!
You die...

######
#.@n.#
##.#.#
... ..
##.#.
#!#
#.#.#
# ...
. #.#
.. #.#
##


You could see a necrophage.

Vanquished Creatures
  2 adders
  5 gnolls
  2 dart slugs
  3 orcs (D:3)
  6 bats
  6 endoplasms
  2 giant cockroaches
  5 goblins
  3 hobgoblins
  4 jackals
  3 quokkas
  7 ball pythons
  4 frilled lizards
  4 kobolds
  5 rats
61 creatures vanquished.

Vanquished Creatures (others)
  A dancing weapon (D:2)
  19 fungi (D:3)
20 creatures vanquished.

Grand Total: 81 creatures vanquished

Notes
Turn   | Place    | Note
-------+----------+-------------------------------------------
     0 | D:1      | vnlsnvl the Spriggan Enchanter began the quest for the Orb.
     0 | D:1      | Reached XP level 1. HP: 9/9 MP: 5/5
   126 | D:1      | Found a faded altar of an unknown god.
   230 | D:1      | Reached skill level 4 in Hexes
   248 | D:1      | Reached XP level 2. HP: 4/13 MP: 7/7
   266 | D:1      | Learned a level 2 spell: Ensorcelled Hibernation
   977 | D:1      | Reached XP level 3. HP: 16/16 MP: 6/9
   990 | D:1      | Learned a level 3 spell: Tukima's Dance
   994 | D:1      | Learned a level 3 spell: Dazzling Flash
  1928 | D:2      | Found Rivoj's Jewellery Emporium.
  2226 | D:2      | Reached skill level 5 in Hexes
  2226 | D:2      | Reached XP level 4. HP: 21/21 MP: 6/11
  2982 | D:3      | Found a hide-covered altar of Uskayaw.
  4091 | D:4      | Noticed a necrophage
  4111 | D:4      | Slain by a necrophage

Illustrated notes

Levels and vault maps discovered:
D:1:      dpeg_arrival_houses_and_road, layout_basic, basic_ecumenical_altar,
          corexii_item_surrounded_by_moat, st_stairs_5
D:2:      layout_loops_ring, serial_shops, shop, nrook_uturn, dk_noncrumbling_2
D:3:      layout_basic, mainiacjoe_overflow_cross_hatched
D:4:      layout_loops_ring, fedhas_altar_1, portal_sewer_entry_f,
          kennysheep_minor_cross, uniq_natasha

Skill      XL: |  1  2  3 |
---------------+----------+-----
Spellcasting   | 3 4 |  4.9
Hexes          | 4 5 |  5.5
Short Blades   | |  1.1
Dodging        | |  2.6
Stealth        | |  4.4

Action                   |  1- 3 |  4- 6 || total
-------------------------+-------+-------++-------
Melee: Dagger            |    80 |   123 ||   203
 Cast: Ensorcelled Hiber |    14 |    21 ||    35
       Tukima's Dance    |     3 |       ||     3
  Use: Scroll            |     2 |     2 ||     4
       Potion            |       |     1 ||     1
 Stab: Sleeping          |    21 |    14 ||    35
Armor: Robe              |     3 |    17 ||    20
Dodge: Dodged            |    69 |   121 ||   190

Table legend: (Time is in decaauts)
 A = Elapsed time spent in this place.
 B = Non-inter-level travel time spent in this place.
 C = Inter-level travel time spent in this place.
 D = Time resting spent in this place.
 E = Time spent auto-exploring this place.
 F = Levels seen in this place.
 G = Mean time per level.
                   A        B        C        D        E       F      G
               +--------+--------+--------+--------+--------+-----+--------+
         Total |   3171 |   3130 |     41 |    528 |   2081 |   4 |  792.8 |
       Dungeon |   3171 |   3130 |     41 |    528 |   2081 |   4 |  792.8 |
               +--------+--------+--------+--------+--------+-----+--------+

Top non-repeatable levels by time:
     D:1: 1282 daAuts
     D:3: 1024 daAuts
     D:2: 845 daAuts
     D:4: 18 daAuts
